 Dungeon Crawl Stone Soup version 0.22-a0-181-gb22368a (webtiles) character file.

112 mhoghedin the Chopper (level 4, 0/51 HPs)
             Began as a Gnoll Wanderer on Feb 14, 2018.
             Was an Initiate of Trog.
             Killed from afar by an orc wizard (8 damage)
             ... with a magic dart
             ... on level 3 of the Dungeon.
             The game lasted 00:04:54 (2379 turns).

mhoghedin the Chopper (Gnoll Wanderer)              Turns: 2379, Time: 00:04:54

Health: 0/51       AC: 22    Str: 16    XL:     4   Next: 95%
Magic:  5/5        EV:  2    Int: 15    God:    Trog [......]
Gold:   98         SH:  0    Dex: 13    Spells: 5/5 levels left

rFire    . . .     SeeInvis .   s - +2 whip (elec)
rCold    . . .     Gourm    .   (no shield)
rNeg     + + +     Faith    .   (armour currently unavailable)
rPois    +         Spirit   .   (helmet currently unavailable)
rElec    .         Reflect  .   (cloak currently unavailable)
rCorr    .         Harm     .   (gloves currently unavailable)
MR       .....     NoTele   +   (boots currently unavailable)
Stlth    ++........             (no amulet)
HPRegen  0.17/turn              r - +1 ring of evasion
MPRegen  0.09/turn              p - ring of poison resistance {rPois, !d}

@: tree-form, slowed, very slow
A: distributed training, strong nose
a: Burn Spellbooks, Renounce Religion


You were on level 3 of the Dungeon.
You worshipped Trog.
Trog was noncommittal.
You were not hungry.
You were a tree.
You visited 1 branch of the dungeon, and saw 3 of its levels.

You collected 98 gold pieces.

Inventory:

Hand Weapons
 b - a +3 blowgun
 s - a +2 whip of electrocution (weapon)
   (You took it off a kobold on level 2 of the Dungeon)
Missiles
 a - a curare-tipped needle
Armour
 c - a +0 ring mail (melded)
 j - a +0 cloak (melded)
   (You found it on level 1 of the Dungeon)
 k - a +0 helmet (melded)
   (You found it on level 2 of the Dungeon)
Magical Staves
 v - an uncursed staff of summoning {unknown}
   (You found it on level 3 of the Dungeon)
Jewellery
 l - an uncursed ring of positive energy {rN+}
   (You found it on level 1 of the Dungeon)
 n - an uncursed ring of resist corrosion
   (You found it on level 2 of the Dungeon)
 p - a ring of poison resistance (right branch) {rPois, !d}
   (You found it on level 2 of the Dungeon)
 r - a +1 ring of evasion (left branch)
   (You found it on level 2 of the Dungeon)
Wands
 t - a wand of polymorph (17)
   (You found it on level 3 of the Dungeon)
Scrolls
 u - a scroll of identify
Potions
 d - 2 potions of lignification {!q}
 e - a potion of might
 g - a potion of haste
 i - a potion of magic
 m - a potion of curing {unknown}
 o - a potion of flight {unknown}
 q - a potion of agility {unknown}
 w - a potion of invisibility {unknown}
Comestibles
 f - 4 rations


   Skills:
 + Level 2.8 Fighting
 + Level 1.2 Short Blades
 + Level 1.2 Long Blades
 + Level 6.6 Axes
 + Level 1.2 Maces & Flails
 + Level 1.2 Polearms
 + Level 1.2 Staves
 + Level 1.2 Slings
 + Level 1.2 Bows
 + Level 1.2 Crossbows
 + Level 4.7 Throwing
 + Level 2.8 Armour
 + Level 1.2 Dodging
 + Level 1.2 Stealth
 + Level 1.2 Shields
 + Level 1.2 Unarmed Combat
 + Level 1.2 Spellcasting
 + Level 1.0 Conjurations
 + Level 1.0 Hexes
 + Level 1.0 Charms
 + Level 3.9 Summonings
 + Level 1.0 Necromancy
 + Level 1.0 Translocations
 + Level 1.0 Transmutations
 + Level 1.0 Fire Magic
 + Level 1.0 Ice Magic
 + Level 1.0 Air Magic
 + Level 1.0 Earth Magic
 + Level 2.3 Poison Magic
 + Level 1.4 Invocations
 + Level 1.2 Evocations


You had 5 spell levels left.
You didn't know any spells.

Dungeon Overview and Level Annotations

Branches:
Dungeon (3/15)

Altars:
Dithmenos
Trog


Innate Abilities, Weirdness & Mutations

Your experience applies equally to all skills.
((You have very sharp teeth.))
Your uncanny sense of smell can sniff out nearby items.


Message History

The orc wizard points at you and mumbles some strange words.
You feel yourself slow down.
The orc wizard gestures wildly while chanting.
The orc wizard blinks!
Unknown command.
You hit the orc. The orc hits you.
You take 1 damage, and have 21/34 hp.
You hit the orc.
You kill the orc!
Trog accepts your kill.
The orc wizard gestures wildly while chanting.
The orc wizard blinks!
The orc hits you but does no damage.
You hit the orc. The orc hits you but does no damage.
You whack the orc!
You kill the orc!
Trog accepts your kill.
The orc wizard points at you and mumbles some strange words.
The magic dart hits you!
Things that are here:
a whip; a scale mail You take 4 damage, and have 18/34 hp.
You miss the orc wizard. The orc wizard barely misses you.
The orc wizard hits you but does no damage.
You hit the orc wizard but do no damage.
The orc wizard barely misses you.
The orc wizard hits you but does no damage.
You barely miss the orc wizard.
The orc wizard hits you but does no damage.
The orc wizard gestures wildly while chanting.
The orc wizard blinks!
The orc wizard gestures at you while chanting.
You feel as though you will be slow longer.
The orc wizard mumbles some strange words.
The orc wizard blinks!
The orc wizard points at you and mumbles some strange words.
You resist with some effort. The orc wizard completely misses you.
You closely miss the orc wizard.
The orc wizard gestures at you while chanting.
The magic dart hits you!
The orc wizard hits you but does no damage.
You take 7 damage, and have 12/34 hp.
MASSIVE DAMAGE!!
You closely miss the orc wizard. Your bite misses the orc wizard.
The orc wizard is no longer moving quickly.
The orc wizard mumbles some strange words.
The orc wizard blinks!
The orc wizard gestures at you while chanting.
The magic dart hits you!
The orc wizard mumbles some strange words.
The orc wizard blinks!
You take 1 damage, and have 11/34 hp.
You closely miss the orc wizard. The orc wizard barely misses you.
The orc wizard closely misses you.
All of the chunks of flesh in your inventory have rotted away.
You hit the orc wizard but do no damage.
The orc wizard casts a spell at you. The magic dart hits you!
* * * LOW HITPOINT WARNING * * *
You take 6 damage, and have 6/34 hp.
Unknown command.
Really quaff
d - 3 potions of lignification {!q}?
You turn into a tree.
Your +0 cloak melds into your body.
Your +0 helmet melds into your body.
Your +0 ring mail melds into your body.
Your roots penetrate the ground.
The orc wizard points at you and mumbles some strange words.
You feel as though you will be slow longer.
The orc wizard hits you but does no damage.
You now have 9/51 hp.
You closely miss the orc wizard. The orc wizard casts a spell at you.
The magic dart hits you!
You hit the orc wizard but do no damage.
Lightning courses through the orc wizard!
The orc wizard hits you but does no damage. x2
You barely miss the orc wizard.
The orc wizard hits you but does no damage. x2
You hit the orc wizard.
The orc wizard casts a spell.
The orc wizard seems to speed up.
You barely miss the orc wizard.
The orc wizard hits you but does no damage. x3
You miss the orc wizard.
The orc wizard gestures at you while chanting.
The magic dart hits you!
The orc wizard hits you but does no damage.
You hit the orc wizard but do no damage.
The orc wizard points at you and mumbles some strange words.
The magic dart hits you!
* * * LOW HITPOINT WARNING * * *
The orc wizard hits you but does no damage.
The orc wizard mumbles some strange words.
The orc wizard blinks!
You take 4 damage, and have 7/51 hp.
The orc wizard mumbles some strange words.
The orc wizard blinks!
The orc wizard gestures at you while chanting.
You feel as though you will be slow longer.
The orc wizard gestures at you while chanting.
The magic dart hits you!
You die...

#.##.###..).#
.#...# #§§..#
###..###§§..# #
##.....§..#
###.##.#....#
.#.#...######
#.#.#..# ###
###.#..#
##.###########
###.#..#
#...♣)...§.o..
.......#
##.###...####
###.#.## #.# #...#
# #.#.# #o###.))# #
#.#.# #......... #
#.# #...........
###.#
#######......>...##
..#..
.........##...####
#.###
######..###...#


You could see an orc wizard.

Vanquished Creatures
  3 adders
  A dart slug (D:1)
  2 leopard geckos (D:2)
  5 orcs (D:3)
  6 giant cockroaches
  15 goblins
  10 hobgoblins
  4 jackals (D:2)
  5 kobolds
  2 quokkas (D:3)
  6 bats
  A frilled lizard (D:1)
  11 rats
71 creatures vanquished.

Notes
Turn   | Place    | Note
-------+----------+-------------------------------------------
     0 | D:1      | mhoghedin the Gnoll Wanderer began the quest for the Orb.
     0 | D:1      | mhoghedin set off with: a curare-tipped needle, a +2 blowgun, a +0 ring mail, a potion of lignification {!q}, a ration
     0 | D:1      | Reached XP level 1. HP: 17/17 MP: 1/1
    71 | D:1      | Reached skill level 2 in Poison Magic
    81 | D:1      | Reached XP level 2. HP: 17/23 MP: 2/2
   568 | D:1      | Reached XP level 3. HP: 28/28 MP: 3/3
  1302 | D:2      | Reached skill level 1 in Invocations
  1408 | D:2      | Reached skill level 1 in Short Blades
  1408 | D:2      | Reached skill level 1 in Long Blades
  1408 | D:2      | Reached skill level 1 in Maces & Flails
  1408 | D:2      | Reached skill level 1 in Polearms
  1408 | D:2      | Reached skill level 1 in Staves
  1408 | D:2      | Reached skill level 1 in Slings
  1408 | D:2      | Reached skill level 1 in Bows
  1408 | D:2      | Reached skill level 1 in Crossbows
  1408 | D:2      | Reached skill level 1 in Dodging
  1408 | D:2      | Reached skill level 1 in Stealth
  1408 | D:2      | Reached skill level 1 in Shields
  1408 | D:2      | Reached skill level 1 in Unarmed Combat
  1408 | D:2      | Reached skill level 1 in Spellcasting
  1408 | D:2      | Reached skill level 1 in Evocations
  1440 | D:2      | Reached XP level 4. HP: 18/34 MP: 5/5
  2115 | D:2      | Found a bloodstained altar of Trog.
  2145 | D:2      | Became a worshipper of Trog the Wrathful
  2205 | D:3      | Reached skill level 1 in Conjurations
  2205 | D:3      | Reached skill level 1 in Hexes
  2205 | D:3      | Reached skill level 1 in Charms
  2205 | D:3      | Reached skill level 1 in Necromancy
  2205 | D:3      | Reached skill level 1 in Translocations
  2205 | D:3      | Reached skill level 1 in Transmutations
  2205 | D:3      | Reached skill level 1 in Fire Magic
  2205 | D:3      | Reached skill level 1 in Ice Magic
  2205 | D:3      | Reached skill level 1 in Air Magic
  2205 | D:3      | Reached skill level 1 in Earth Magic
  2221 | D:3      | Found a shadowy altar of Dithmenos.
  2369 | D:3      | HP: 6/34 [orc wizard/magic dart (6)]
  2377 | D:3      | HP: 7/51 [orc wizard/magic dart (4)]
  2379 | D:3      | Killed from afar by an orc wizard

Vault maps used:
D:1:      elethiomel_arrival_diamonds
D:2:      first_ration, trog_hazing_becter
D:3:      grunt_dithmenos_smoke

Skill      XL: |  1  2  3  4 |
---------------+-------------+-----
Poison Magic   | 2 |  2.3
Invocations    | 1 |  1.4
Short Blades   | 1 |  1.2
Long Blades    | 1 |  1.2
Maces & Flails | 1 |  1.2
Polearms       | 1 |  1.2
Staves         | 1 |  1.2
Slings         | 1 |  1.2
Bows           | 1 |  1.2
Crossbows      | 1 |  1.2
Dodging        | 1 |  1.2
Stealth        | 1 |  1.2
Shields        | 1 |  1.2
Unarmed Combat | 1 |  1.2
Spellcasting   | 1 |  1.2
Evocations     | 1 |  1.2
Conjurations   | 1 |  1.0
Hexes          | 1 |  1.0
Charms         | 1 |  1.0
Necromancy     | 1 |  1.0
Translocations | 1 |  1.0
Transmutations | 1 |  1.0
Fire Magic     | 1 |  1.0
Ice Magic      | 1 |  1.0
Air Magic      | 1 |  1.0
Earth Magic    | 1 |  1.0
Fighting       | |  2.8
Axes           | |  6.6
Throwing       | |  4.7
Armour         | |  2.8
Summonings     | |  3.9

Action                   |  1- 3 |  4- 6 || total
-------------------------+-------+-------++-------
Melee: Unarmed           |    25 |       ||    25
       Bite              |    13 |     4 ||    17
       Spear             |   126 |    29 ||   155
       Whip              |       |    74 ||    74
       Punch             |       |     1 ||     1
  Use: Scroll            |     7 |       ||     7
       Potion            |     1 |     1 ||     2
  Eat: Chunk             |     2 |     3 ||     5
Armor: Ring mail         |    39 |    40 ||    79
       Skin              |       |    11 ||    11
Dodge: Dodged            |    66 |    65 ||   131

Table legend:
 A = Spawn XP
 B = Non-spawn XP
 C = Spawn XP percentage of total XP
 D = Spawn monster count
 E = Non-spawn monster count
 F = Spawn count percentage of total count
 G = Total turns spent on level
                    A         B        C        D         E        F      G
               +---------+---------+-------+---------+---------+-------+---------
         Total |       0 |     161 |   0.0 |       0 |      71 |   0.0 |  2379
               +---------+---------+-------+---------+---------+-------+---------
           D:1 |       0 |      44 |   0.0 |       0 |      27 |   0.0 |  1245
           D:2 |       0 |      72 |   0.0 |       0 |      28 |   0.0 |   927
           D:3 |       0 |      45 |   0.0 |       0 |      16 |   0.0 |   207
               +---------+---------+-------+---------+---------+-------+---------

Vault maps used:
D:1:      elethiomel_arrival_diamonds
D:2:      first_ration, trog_hazing_becter
D:3:      grunt_dithmenos_smoke

Table legend:
 A = Turns spent in this place as a percentage of turns spent in the entire game.
 B = Non-inter-level travel turns spent in this place as a percentage of non-inter-level travel turns spent in the entire game.
 C = Inter-level travel turns spent in this place as a percentage of turns spent in this place.
 D = Turns resting spent in this place as a percentage of non-inter-level travel turns spent in this place.
 E = Turns spent auto-exploring this place as a percentage of non-inter-level travel turns spent in this place.
 F = Non-inter-level travel turns spent in this place divided by the number of levels of this place that you've seen.
                   A       B       C       D       E      F
               +-------+-------+-------+-------+-------+----------------------
         Total | 100.0 | 100.0 |   5.8 |  15.0 |  61.9 | 747.3
       Dungeon | 100.0 | 100.0 |   5.8 |  15.0 |  61.9 | 747.3
               +-------+-------+-------+-------+-------+----------------------

Table legend:
 A = Kills in this place as a percentage of kills in entire the game.
 B = Kills by you in this place as a percentage of kills by you in the entire game.
 C = Kills by friends in this place as a percentage of kills by friends in the entire game.
 D = Other kills in this place as a percentage of other kills in the entire game.
 E = Experience gained in this place as a percentage of experience gained in the entire game.
 F = Experience gained in this place divided by the number of levels of this place that you have seen.
                   A       B       C       D       E      F
               +-------+-------+-------+-------+-------+----------------------
         Total | 100.0 | 100.0 |   N/A |   N/A | 100.0 |  53.7
       Dungeon | 100.0 | 100.0 |   N/A |   N/A | 100.0 |  53.7
               +-------+-------+-------+-------+-------+----------------------
